[Event "Titled Tuesday Blitz April 26 Early 2022"]
[White "Halvax, Georg"]
[Black "Kaminski, Victor"]
[WhiteFideId "1619543"]
[BlackFideId "1131630"]
[WhiteElo "2403"]
[BlackElo "2181"]
[Result "1-0"]
[Round "06"]
[TimeControl "180+1"]
[Date "2022.04.26"]
[WhiteClock "0:00:31"]
[BlackClock "0:00:04"]

1. d4 Nf6 2. c4 c5 3. d5 b5 4. cxb5 a6 5. bxa6 e6 6. Nc3 exd5 7. Nxd5 Be7 8. g3 Nxd5 9. Qxd5 Rxa6 10. Bg2 O-O 11. Nf3 Nc6 12. O-O Nb4 13. Qb3 d6 14. Bf4 Be6 15. Qd1 Nxa2 16. e4 Qa8 17. e5 d5 18. Ng5 Bxg5 19. Bxg5 h6 20. Be3 Rc8 21. f4 Nb4 22. Rxa6 Qxa6 23. f5 Bd7 24. Qg4 Qd3 25. Bxh6 Qd4+ 26. Qxd4 cxd4 27. Bd2 Nd3 28. Bxd5 Nxe5 29. b4 Rc2 30. Rf2 Nd3 31. Be4 Nxf2 32. Bxc2 Nh3+ 33. Kg2 g6 34. Kxh3 1-0


[Site "https://www.chess.com"]

[Event "Titled Tuesday Blitz April 26 Early 2022"]
[White "Harshavardhan G B"]
[Black "Sjugirov, Sanan"]
[WhiteFideId "25059009"]
[BlackFideId "4189302"]
[WhiteElo "1831"]
[BlackElo "2602"]
[Result "1-0"]
[Round "06"]
[TimeControl "180+1"]
[Date "2022.04.26"]
[WhiteClock "0:01:30"]
[BlackClock "0:00:17"]

1. d4 Nf6 2. c4 e6 3. Nc3 Bb4 4. f3 d5 5. a3 Bxc3+ 6. bxc3 Nc6 7. e3 e5 8. Bd3 O-O 9. Ne2 e4 10. Bc2 exf3 11. gxf3 Na5 12. cxd5 Nxd5 13. e4 Qh4+ 14. Ng3 Nf4 15. Qd2 Nh3 16. Rb1 f5 17. exf5 Bxf5 18. Rb5 Rae8+ 19. Kd1 Bxc2+ 20. Kxc2 Nc4 21. Qd3 1-0


[Site "https://www.chess.com"]

[Event "Titled Tuesday Blitz April 26 Early 2022"]
[White "Hartikainen, Jarmo"]
[Black "Buscar, Michael"]
[WhiteFideId "503134"]
[BlackFideId "2603616"]
[WhiteElo "2115"]
[BlackElo "2010"]
[Result "0-1"]
[Round "06"]
[TimeControl "180+1"]
[Date "2022.04.26"]
[WhiteClock "0:00:25"]
[BlackClock "0:01:00"]

1. e4 c6 2. d4 d6 3. Nf3 Bg4 4. Bd3 Nd7 5. Be3 e5 6. c3 Ngf6 7. Nbd2 Be7 8. Qc2 Qc7 9. h3 Bh5 10. g4 Bg6 11. a4 d5 12. a5 exd4 13. cxd4 dxe4 14. Nxe4 Nxe4 15. Bxe4 Bb4+ 16. Bd2 Bxd2+ 17. Nxd2 O-O 18. Qc3 Rfe8 19. Qf3 Nf6 20. O-O Nxe4 21. Nc4 Ng5 22. Qg2 Be4 23. f3 Bd3 24. Ne5 Bxf1 25. Qxf1 Ne6 26. Qc4 Nxd4 27. f4 Ne6 28. Rf1 Rad8 29. b4 Rd4 30. Qc3 Rxf4 0-1


[Site "https://www.chess.com"]

[Event "Titled Tuesday Blitz April 26 Early 2022"]
[White "Hnydiuk, Aleksander"]
[Black "Stribuk, Artiom"]
[WhiteFideId "1109057"]
[BlackFideId "13515659"]
[WhiteElo "2374"]
[BlackElo "2259"]
[Result "0-1"]
[Round "06"]
[TimeControl "180+1"]
[Date "2022.04.26"]
[WhiteClock "0:00:27"]
[BlackClock "0:00:30"]

1. d4 Nf6 2. c4 g6 3. Nc3 d5 4. cxd5 Nxd5 5. e4 Nxc3 6. bxc3 Bg7 7. Bc4 O-O 8. Ne2 c5 9. O-O Nc6 10. Be3 Bg4 11. f3 Na5 12. Bd3 cxd4 13. cxd4 Be6 14. d5 Bxa1 15. Qxa1 f6 16. Bh6 Re8 17. Nf4 Bf7 18. e5 fxe5 19. Qxe5 Qb6+ 20. Kh1 Qf6 21. Qe1 g5 22. Ne6 Qxh6 23. Qxa5 Bxe6 24. dxe6 Qf6 25. Re1 b6 26. Qd5 Rad8 27. Qe4 Qg7 28. Bb1 Rd4 29. Qe3 Red8 30. Bc2 Rd2 31. Ba4 h6 32. Bb3 Qd4 33. Qxd4 R8xd4 34. Kg1 Kg7 35. Rc1 Rb2 36. Rc7 Kf6 37. Rxa7 Rdd2 0-1


[Site "https://www.chess.com"]

[Event "Titled Tuesday Blitz April 26 Early 2022"]
[White "Hua, Lefong"]
[Black "Jaskolka, Tomasz"]
[WhiteFideId "2602253"]
[BlackFideId "1170791"]
[WhiteElo "2613"]
[BlackElo "2073"]
[Result "1-0"]
[Round "06"]
[TimeControl "180+1"]
[Date "2022.04.26"]
[WhiteClock "0:00:55"]
[BlackClock "0:00:20"]

1. d4 d5 2. c4 e6 3. Nc3 Nf6 4. cxd5 exd5 5. Bg5 Be7 6. e3 c6 7. Bd3 h6 8. Bf4 Be6 9. h3 Nbd7 10. Nf3 c5 11. dxc5 Nxc5 12. Bb5+ Bd7 13. Be2 Bc6 14. Nd4 O-O 15. O-O Nce4 16. Nxe4 Nxe4 17. Rc1 Rc8 18. Nxc6 bxc6 19. Ba6 Qa5 20. Bxc8 Rxc8 21. a3 Bf6 22. Qc2 Qb5 23. b4 a5 24. bxa5 Qxa5 25. Qd3 Nd2 26. Rfd1 Nc4 27. Qb3 Ra8 28. Rd3 Bb2 29. Rb1 Qxa3 30. Qxa3 Rxa3 31. Rxa3 Bxa3 32. Rb8+ Kh7 33. Rc8 c5 34. g4 Nd2 35. Bd6 Ne4 36. Be7 Kg6 37. Kg2 f5 38. f3 Nd2 39. Bxc5 Bxc5 40. Rxc5 Nc4 41. Kf2 fxg4 42. hxg4 Ne5 43. Rxd5 Nc4 44. Rd4 Ne5 45. Kg3 Kf7 46. Rd6 Nc4 47. Rd3 Ne5 48. Rc3 g6 49. f4 Nd7 50. Rc6 Nf8 51. f5 Kg7 52. e4 gxf5 53. gxf5 Kf7 54. e5 Ke7 55. Rc7+ Ke8 56. Kf4 h5 57. Kg5 h4 58. Kxh4 Kd8 59. Ra7 Ke8 60. Kg5 Nd7 61. Rxd7 Kxd7 62. Kf6 Ke8 63. Kg7 Ke7 64. f6+ Kd7 65. f7 Ke6 66. f8=Q Kd7 67. Qf6 Ke8 68. Kg6 Kd7 69. Kf5 Ke8 70. Qg7 Kd8 71. Ke6 Ke8 72. Qg8# 1-0


[Site "https://www.chess.com"]

[Event "Titled Tuesday Blitz April 26 Early 2022"]
[White "Ibrahimli, Murad"]
[Black "Hasangatin, Ramil"]
[WhiteFideId "13410229"]
[BlackFideId "4122160"]
[WhiteElo "2109"]
[BlackElo "2375"]
[Result "1-0"]
[Round "06"]
[TimeControl "180+1"]
[Date "2022.04.26"]
[WhiteClock "0:00:18"]
[BlackClock "0:00:18"]

1. c4 Nf6 2. Nc3 e5 3. Nf3 Nc6 4. g3 Bb4 5. Bg2 Bxc3 6. bxc3 O-O 7. O-O Re8 8. d3 e4 9. Nd4 Nxd4 10. cxd4 d5 11. Bg5 dxc4 12. dxe4 h6 13. Bxf6 Qxf6 14. e5 Qa6 15. a4 c6 16. e4 c5 17. d5 Rxe5 18. f4 Re8 19. Qc2 b6 20. Rfe1 Bb7 21. Bf1 Qa5 22. Bxc4 Rad8 23. Qd3 Kh8 24. d6 Qb4 25. Rab1 Qa5 26. Bxf7 Rf8 27. Bb3 Ba6 28. Qd5 c4 29. Bxc4 Bxc4 30. Qxc4 Rxd6 31. Red1 Rfd8 32. Rxd6 Rxd6 33. e5 Rd2 34. Qc8+ Kh7 35. Rc1 1-0


[Site "https://www.chess.com"]

[Event "Titled Tuesday Blitz April 26 Early 2022"]
[White "Iljin, Timofey"]
[Black "Wagner, Dennis"]
[WhiteFideId "14110180"]
[BlackFideId "24650684"]
[WhiteElo "2464"]
[BlackElo "2701"]
[Result "0-1"]
[Round "06"]
[TimeControl "180+1"]
[Date "2022.04.26"]
[WhiteClock "0:00:01"]
[BlackClock "0:00:32"]

1. d4 Nf6 2. c4 g6 3. Nc3 Bg7 4. e4 O-O 5. f4 d6 6. Nf3 c5 7. d5 e6 8. Be2 exd5 9. cxd5 Re8 10. e5 dxe5 11. fxe5 Ng4 12. Bg5 Qb6 13. O-O c4+ 14. Kh1 Nd7 15. d6 Ndxe5 16. Nd5 Nf2+ 17. Rxf2 Qxf2 18. Nc7 Bd7 19. Be7 Bc6 20. Qf1 Qxf1+ 21. Rxf1 b5 22. Nxe5 Bxe5 23. Bf3 Bxf3 24. Rxf3 Bxd6 25. Nxe8 Rxe8 26. Bh4 Re2 27. b3 Rxa2 28. g4 Rxh2+ 29. Kg1 Rxh4 30. bxc4 Rxg4+ 31. Kf2 Rxc4 32. Rc3 Rxc3 33. Ke2 b4 34. Kd2 a5 35. Ke2 a4 36. Kd2 a3 37. Ke2 a2 38. Kd2 a1=Q 39. Ke2 Qb2+ 40. Kf1 Rc1# 0-1


[Site "https://www.chess.com"]

[Event "Titled Tuesday Blitz April 26 Early 2022"]
[White "Ivic, Velimir"]
[Black "Karolczuk, Iwo"]
[WhiteFideId "950122"]
[BlackFideId "21816972"]
[WhiteElo "2610"]
[BlackElo "2277"]
[Result "0-1"]
[Round "06"]
[TimeControl "180+1"]
[Date "2022.04.26"]
[WhiteClock "0:00:05"]
[BlackClock "0:00:10"]

1. d4 Nf6 2. Nf3 g6 3. Bg5 Bg7 4. Nbd2 d5 5. e3 c5 6. c3 b6 7. Be2 Bb7 8. O-O O-O 9. h3 Nc6 10. Qb3 Qd7 11. a4 Rab8 12. Bf4 Rbc8 13. Ne5 Nxe5 14. Bxe5 Bc6 15. a5 c4 16. Qb4 b5 17. a6 Ne4 18. Nxe4 dxe4 19. Bxg7 Kxg7 20. Ra5 Rb8 21. b3 Rfc8 22. bxc4 bxc4 23. Qc5 Ba8 24. Qe5+ f6 25. Qf4 Rb3 26. Rc1 Bd5 27. Bg4 e6 28. Bd1 Rb2 29. h4 Qc7 30. Qxc7+ Rxc7 31. Ba4 Rc8 32. Rc2 Rb1+ 33. Kh2 Ra1 34. Rb2 Ra3 35. Bd7 Rxa5 36. Bxc8 Ra3 37. Rc2 Kf7 38. Kg3 Ke7 39. Kf4 Kd6 40. f3 exf3 41. gxf3 Kc7 42. Bb7 Bxb7 43. axb7 Kxb7 44. h5 gxh5 45. e4 Kc6 46. Ke3 a5 47. Kd2 Ra1 48. Rb2 a4 49. Rb4 a3 50. Rxc4+ Kd6 51. Ra4 a2 52. Ra6+ Kc7 53. Kc2 Kb7 54. Ra4 h4 55. Kb2 h3 56. Kxa1 h2 57. Rb4+ Kc7 58. Kxa2 h1=Q 59. Rc4+ Kd7 60. Kb3 Qxf3 61. e5 fxe5 62. Rc5 exd4 0-1


[Site "https://www.chess.com"]

[Event "Titled Tuesday Blitz April 26 Early 2022"]
[White "Jaferian, Koosha"]
[Black "Chigaev, Maksim"]
[WhiteFideId "12507440"]
[BlackFideId "4108116"]
[WhiteElo "2030"]
[BlackElo "2478"]
[Result "1/2-1/2"]
[Round "06"]
[TimeControl "180+1"]
[Date "2022.04.26"]
[WhiteClock "0:00:59"]
[BlackClock "0:00:23"]

1. Nf3 Nf6 2. b3 g6 3. Bb2 Bg7 4. g3 b5 5. Bg2 Bb7 6. c4 a6 7. O-O O-O 8. d4 d6 9. e3 Nbd7 10. Nbd2 e6 11. Rc1 c5 12. Qe2 Qb6 13. Rfd1 Rfd8 14. Ne1 Bxg2 15. Kxg2 Rac8 16. Nd3 cxd4 17. Bxd4 Qb7+ 18. Qf3 Qxf3+ 19. Kxf3 e5 20. Bb2 bxc4 21. Rxc4 Rxc4 22. bxc4 Rb8 23. Ba3 d5 24. cxd5 Nxd5 25. Rc1 f5 26. Nc5 Nxc5 27. Rxc5 e4+ 28. Kg2 Nc3 29. Ra5 Nxa2 30. Rxa6 Nc3 31. Nc4 Nd5 32. Bd6 Rc8 33. Nb6 Nxb6 34. Rxb6 Rd8 1/2-1/2


[Site "https://www.chess.com"]

[Event "Titled Tuesday Blitz April 26 Early 2022"]
[White "Johnson, Ben"]
[Black "Lach, Aleksandra"]
[WhiteFideId "2010917"]
[BlackFideId "1134299"]
[WhiteElo "2187"]
[BlackElo "2172"]
[Result "1/2-1/2"]
[Round "06"]
[TimeControl "180+1"]
[Date "2022.04.26"]
[WhiteClock "0:00:09"]
[BlackClock "0:00:07"]

1. Nf3 f5 2. d4 Nf6 3. c4 d6 4. g3 g6 5. Bg2 Bg7 6. O-O O-O 7. Nc3 c6 8. Qc2 Na6 9. a3 c5 10. d5 Rb8 11. Re1 e5 12. dxe6 Bxe6 13. b3 h6 14. Bb2 Nc7 15. Rad1 b5 16. cxb5 Nxb5 17. Nxb5 Rxb5 18. Nd2 Qb8 19. e4 fxe4 20. Bxe4 Nxe4 21. Rxe4 Bf7 22. Bxg7 Kxg7 23. Qc3+ Kh7 24. Re7 Rb7 25. Rde1 Kg8 26. h4 d5 27. Qxc5 Rxe7 28. Rxe7 Qc8 29. Qxc8 Rxc8 30. Rxa7 d4 31. Rd7 Rc1+ 32. Kg2 Ra1 33. a4 Rd1 34. Rxd4 Kg7 35. Nf3 Rb1 36. b4 Be8 37. a5 Bc6 38. Rd6 Be4 39. Re6 Bd5 40. Re5 Ba8 41. Re3 Rxb4 42. Ra3 Rb7 43. Kf1 Rb1+ 44. Ke2 Rb2+ 45. Nd2 Rb7 46. a6 Ra7 47. Ke3 Kf6 48. Ne4+ Ke5 49. Nc5 Kd5 50. Nd3 Re7+ 51. Kd2 Kc6 52. Nf4 g5 53. hxg5 hxg5 54. Nh3 g4 55. Nf4 Kb6 56. Nd3 Bf3 57. Ra4 Re2+ 58. Kc3 Re8 59. a7 Ra8 60. Ne5 Be2 61. Nxg4 Bxg4 62. Rxg4 Rxa7 63. Rd4 Kc6 64. Kd3 Ra2 65. Ke3 Kc5 66. Rd2 Ra3+ 67. Kf4 Ra6 68. f3 Rf6+ 69. Kg4 Rg6+ 70. Kf5 Rxg3 71. f4 Rf3 72. Ke5 Re3+ 73. Kf6 Rf3 74. f5 Ra3 75. Ke6 Ra6+ 76. Kf7 Ra7+ 77. Kf6 Ra6+ 78. Kg5 Kc4 79. f6 Ra5+ 80. Kg6 Ra3 81. Kg7 Rg3+ 82. Kf8 Rf3 83. f7 Kc3 84. Rd1 Kc4 85. Ke8 Re3+ 86. Kd8 Rf3 87. Ke7 Re3+ 88. Kf8 Rf3 89. Ke8 Re3+ 90. Kf8 Rf3 1/2-1/2


[Site "https://www.chess.com"]

[Event "Titled Tuesday Blitz April 26 Early 2022"]
[White "Karavade, Eesha"]
[Black "Seo, Jung Min"]
[WhiteFideId "5012600"]
[BlackFideId "1734687"]
[WhiteElo "2545"]
[BlackElo "2797"]
[Result "1-0"]
[Round "06"]
[TimeControl "180+1"]
[Date "2022.04.26"]
[WhiteClock "0:01:11"]
[BlackClock "0:01:43"]

1. d4 Nf6 2. c4 g6 3. Nc3 Bg7 4. e4 O-O 5. Nf3 d6 6. h3 e5 7. d5 Na6 8. Be3 Nd7 9. g4 Ndc5 10. a3 f5 11. gxf5 gxf5 12. b4 Nxe4 13. Nxe4 fxe4 14. Ng5 Bf5 15. Bg2 Nb8 16. Ne6 Bxe6 17. dxe6 Nc6 18. Bxe4 Qh4 19. Qg4 Qe7 20. Qh5 Bf6 21. Rg1+ Kh8 22. Ke2 Nd4+ 23. Bxd4 exd4 24. Kd3 c6 25. Rg6 Rg8 26. Rag1 Rxg6 27. Rxg6 d5 28. cxd5 cxd5 29. Bf5 Rg8 30. Rxf6 1-0


[Site "https://www.chess.com"]

[Event "Titled Tuesday Blitz April 26 Early 2022"]
[White "Khamdamova, Afruza"]
[Black "Djokic, Mihailo"]
[WhiteFideId "14210444"]
[BlackFideId "976440"]
[WhiteElo "2429"]
[BlackElo "2640"]
[Result "0-1"]
[Round "06"]
[TimeControl "180+1"]
[Date "2022.04.26"]
[WhiteClock "0:01:11"]
[BlackClock "0:01:43"]

1. e4 c5 2. Nf3 d6 3. d4 cxd4 4. Nxd4 Nf6 5. Nc3 g6 6. Be3 Bg7 7. f3 O-O 8. Qd2 Nc6 9. Bc4 Bd7 10. Bb3 Rc8 11. O-O-O Ne5 12. Bh6 Bxh6 13. Qxh6 Rxc3 14. bxc3 Qc7 15. Qe3 a5 16. a3 Rc8 17. Kd2 Qc5 18. Ke2 a4 19. Ba2 Qxa3 20. Ra1 Qc5 21. Rhb1 b5 22. h3 Qxc3 23. Qxc3 Rxc3 24. Nxb5 Rxc2+ 25. Kf1 Nh5 26. Nd4 Rd2 27. Rd1 Ng3+ 28. Ke1 Rxg2 29. f4 Nf3+ 0-1


[Site "https://www.chess.com"]

[Event "Titled Tuesday Blitz April 26 Early 2022"]
[White "Khusenkhojaev, Muhammad"]
[Black "Rodrigues, Bruno Morado"]
[WhiteFideId "14700247"]
[BlackFideId "2115654"]
[WhiteElo "2180"]
[BlackElo "2040"]
[Result "1-0"]
[Round "06"]
[TimeControl "180+1"]
[Date "2022.04.26"]
[WhiteClock "0:00:13"]
[BlackClock "0:00:09"]

1. e4 c5 2. Nf3 Nc6 3. d4 cxd4 4. Nxd4 e5 5. Nb5 d6 6. Be3 Be7 7. N1c3 Nf6 8. Nd5 Nxd5 9. exd5 Nb8 10. a4 a6 11. Na3 O-O 12. Nc4 Nd7 13. a5 f5 14. f3 Bg5 15. Bxg5 Qxg5 16. Nxd6 Qh4+ 17. Ke2 e4 18. g3 exf3+ 19. Kxf3 Qb4 20. Nc4 Ne5+ 21. Nxe5 Qe4+ 22. Kf2 Qxh1 23. Nf3 f4 24. Bg2 fxg3+ 25. Kxg3 Qxd1 26. Rxd1 Bf5 27. c4 Rac8 28. Rc1 Rfe8 29. Nd4 Bd7 30. c5 Re3+ 31. Kf4 Rd3 32. Ke5 Re8+ 33. Kd6 Rxd4 34. Kxd7 Re2 35. Bh1 Rxb2 36. d6 Rdd2 37. Kc7 Rdc2 38. Rxc2 Rxc2 39. d7 Rxc5+ 40. Kb8 Rc1 41. d8=Q+ Kf7 42. Qd5+ 1-0


[Site "https://www.chess.com"]

[Event "Titled Tuesday Blitz April 26 Early 2022"]
[White "Koellner, Ruben Gideon"]
[Black "Fernandez, Daniel Howard"]
[WhiteFideId "12993093"]
[BlackFideId "5801605"]
[WhiteElo "2587"]
[BlackElo "2466"]
[Result "1-0"]
[Round "06"]
[TimeControl "180+1"]
[Date "2022.04.26"]
[WhiteClock "0:00:03"]
[BlackClock "0:00:01"]

1. d4 Nf6 2. Bg5 Ne4 3. Bf4 c5 4. f3 Qa5+ 5. c3 Nf6 6. d5 Qb6 7. Bc1 e6 8. e4 exd5 9. exd5 Bd6 10. Na3 O-O 11. Nc4 Re8+ 12. Kf2 Qc7 13. a4 b6 14. Bg5 Nh5 15. Nh3 h6 16. Be3 Ba6 17. g4 Nf6 18. Qd2 Bf8 19. Bf4 d6 20. Kg2 Nbd7 21. Nf2 Bxc4 22. Bxc4 Ne5 23. Be2 Re7 24. Rhe1 Rae8 25. Bf1 Nfd7 26. Bb5 Ng6 27. Bg3 Rxe1 28. Rxe1 Qd8 29. Rxe8 Qxe8 30. Ne4 a6 31. Bxa6 Nde5 32. Bb5 Qe7 33. h3 Nh4+ 34. Bxh4 Qxh4 35. Qf2 Qd8 36. b4 Qa8 37. Qd2 Qc8 38. a5 f5 39. Nf2 cxb4 40. cxb4 fxg4 41. hxg4 Be7 42. a6 Qf8 43. Qe2 Ng6 44. Nh3 Nh4+ 45. Kg3 1-0


[Site "https://www.chess.com"]

[Event "Titled Tuesday Blitz April 26 Early 2022"]
[White "Kotepalli, Sai Nirupama"]
[Black "Kadam, Om Manish"]
[WhiteFideId "5039444"]
[BlackFideId "45076294"]
[WhiteElo "2383"]
[BlackElo "1729"]
[Result "1-0"]
[Round "06"]
[TimeControl "180+1"]
[Date "2022.04.26"]
[WhiteClock "0:00:15"]
[BlackClock "0:00:10"]

1. e4 c6 2. d3 d5 3. Nd2 dxe4 4. dxe4 g6 5. Ngf3 Bg7 6. Bd3 Nd7 7. c3 Nc5 8. Bc2 Nd3+ 9. Bxd3 Qxd3 10. Qe2 Qxe2+ 11. Kxe2 Nf6 12. Re1 b6 13. Kf1 Ba6+ 14. Kg1 Nd7 15. Nb3 Ne5 16. Nxe5 Bxe5 17. f4 Bg7 18. e5 O-O-O 19. Be3 e6 20. a4 Bc4 21. Nd4 Kb7 22. a5 c5 23. Nf3 h6 24. b4 cxb4 25. axb6 axb6 26. Reb1 b3 27. Nd2 Rxd2 28. Bxd2 Rd8 29. Rb2 Bf8 30. Kf2 Rd3 31. Ra4 b5 32. Ra1 Bc5+ 33. Ke1 b4 34. Rc1 Bd5 35. Ke2 Be4 36. Rxb3 Kb6 37. Rb2 h5 38. cxb4 Bd4 39. Rbc2 Rb3 40. Rc8 Bd3+ 41. Ke1 Be4 42. R8c4 Rd3 43. Rxd4 Rxd4 44. Be3 1-0


[Site "https://www.chess.com"]

[Event "Titled Tuesday Blitz April 26 Early 2022"]
[White "Koziorowicz, Michal"]
[Black "Zlatin, Alexander"]
[WhiteFideId "21809194"]
[BlackFideId "2810549"]
[WhiteElo "2661"]
[BlackElo "2449"]
[Result "1-0"]
[Round "06"]
[TimeControl "180+1"]
[Date "2022.04.26"]
[WhiteClock "0:00:21"]
[BlackClock "0:00:05"]

1. Nc3 e6 2. d4 Nf6 3. e4 Bb4 4. Bd3 b6 5. Ne2 Bb7 6. O-O O-O 7. Bg5 Be7 8. Ng3 d5 9. e5 Ne8 10. Bxe7 Qxe7 11. Qg4 f5 12. exf6 Nxf6 13. Qh4 Nc6 14. Rae1 g6 15. Re2 Rae8 16. Rfe1 Ne4 17. Qxe7 Rxe7 18. Bxe4 dxe4 19. Rxe4 Rd7 20. Rxe6 Nxd4 21. Re7 Rfd8 22. Rxd7 Rxd7 23. Nce4 Nxc2 24. Rc1 Bxe4 25. Nxe4 Re7 26. f3 Nd4 27. Kf2 c5 28. Rd1 Kg7 29. b4 Ne6 30. bxc5 bxc5 31. Rd6 c4 32. Rc6 Nf4 33. Rxc4 Rd7 34. h4 Rb7 35. Rc2 h5 36. Kg3 Nd3 37. Rd2 Nb4 38. Nc5 Re7 39. Ne4 a5 40. a3 Nc6 41. Rd6 Ne5 42. Ra6 Nc4 43. a4 Re5 44. Ra7+ Kf8 45. Kf4 Re7 46. Ra6 Kg7 47. Rc6 Ne5 48. Ra6 Nd3+ 49. Kg3 Nc5 50. Nxc5 Re5 51. Rxa5 Kh6 52. Nb3 Re2 53. Rc5 Rb2 54. Nd4 Rd2 55. Ne6 Re2 56. Nf4 Rd2 57. a5 Ra2 58. Rg5 Ra4 59. Rxg6+ Kh7 60. Rg5 Kh6 61. Rxh5+ Kg7 62. Rg5+ Kf6 63. Kg4 Kf7 64. g3 Kf6 65. h5 Kf7 66. h6 Ra1 67. h7 Rh1 68. Nh5 Ke6 69. h8=Q Kd6 70. Qf6+ Kd7 71. Rg7+ 1-0


[Site "https://www.chess.com"]

[Event "Titled Tuesday Blitz April 26 Early 2022"]
[White "Kucuksari, Kaan"]
[Black "Guseva, Marina"]
[WhiteFideId "6380166"]
[BlackFideId "4149351"]
[WhiteElo "2305"]
[BlackElo "2071"]
[Result "0-1"]
[Round "06"]
[TimeControl "180+1"]
[Date "2022.04.26"]
[WhiteClock "0:00:03"]
[BlackClock "0:00:35"]

1. d4 d5 2. c4 c6 3. Nf3 Nf6 4. Qc2 a6 5. g3 g6 6. Bg2 Bf5 7. Qb3 b5 8. c5 Nbd7 9. O-O Bg7 10. a4 O-O 11. axb5 axb5 12. Rxa8 Qxa8 13. Na3 Be4 14. Bf4 Nh5 15. Nc2 Nxf4 16. gxf4 Nf6 17. Nb4 Bxf3 18. Bxf3 Ne4 19. e3 Nd2 20. Qd1 Nxf1 21. Kxf1 e6 22. Kg2 Rc8 23. Nd3 Qa2 24. h4 h5 25. f5 exf5 26. Bxh5 gxh5 27. Qxh5 Qa7 28. Nf4 Qe7 29. Kh3 Qf6 30. Qf3 Bh6 31. Nd3 Kh7 32. Ne5 Rg8 33. Qh5 Rg7 34. f4 Qe6 35. b4 f6 36. Nf3 Qe4 37. Ne1 Qxe3+ 38. Nf3 Qxf4 39. Ng5+ fxg5 40. hxg5 Qg4+ 0-1


[Site "https://www.chess.com"]

[Event "Titled Tuesday Blitz April 26 Early 2022"]
[White "Lakshmi C"]
[Black "Wartiovaara, Oliver"]
[WhiteFideId "25035347"]
[BlackFideId "513024"]
[WhiteElo "1775"]
[BlackElo "1971"]
[Result "1-0"]
[Round "06"]
[TimeControl "180+1"]
[Date "2022.04.26"]
[WhiteClock "0:02:08"]
[BlackClock "0:02:32"]

1. e4 Nf6 2. e5 Nd5 3. d4 d6 4. c4 Nb6 5. f4 dxe5 6. fxe5 Bf5 7. a3 e6 8. Be3 Nc6 9. Nc3 Qd7 10. Qd2 O-O-O 11. Nf3 Bg4 12. c5 Nd5 13. Bf2 Nxc3 14. Qxc3 Nxd4 15. Nxd4 Qxd4 16. Bxd4 Rxd4 17. Qxd4 1-0


[Site "https://www.chess.com"]

[Event "Titled Tuesday Blitz April 26 Early 2022"]
[White "Laohawirapap, Prin"]
[Black "Kuznetsov, Mikhail"]
[WhiteFideId "6205003"]
[BlackFideId "4117190"]
[WhiteElo "1832"]
[BlackElo "1981"]
[Result "1-0"]
[Round "06"]
[TimeControl "180+1"]
[Date "2022.04.26"]
[WhiteClock "0:00:42"]
[BlackClock "0:00:02"]

1. e4 c6 2. d4 d5 3. exd5 cxd5 4. Bd3 Nc6 5. c3 Qc7 6. Ne2 Bg4 7. O-O Nf6 8. Qe1 e6 9. Bg5 Be7 10. f3 Bh5 11. Qh4 Bg6 12. Bxg6 fxg6 13. Nf4 Kf7 14. Re1 h6 15. Nxe6 hxg5 16. Qxh8 Rxh8 17. Nxc7 Bd6 18. Ne6 Bxh2+ 19. Kf2 g4 20. Ng5+ Kg8 21. Na3 Bf4 22. Ne6 g3+ 23. Ke2 Bd6 24. Rh1 Rh2 25. Rag1 Nh5 26. f4 Ne7 27. Kf3 Nf5 28. Rxh2 gxh2 29. Rh1 Nh4+ 30. Kg4 Nxg2 31. Rxh2 Ngxf4 32. Nxf4 Nxf4 33. Rf2 Nd3 34. Rd2 Bxa3 35. bxa3 1-0


[Site "https://www.chess.com"]

[Event "Titled Tuesday Blitz April 26 Early 2022"]
[White "Le, Tuan Minh"]
[Black "Karacsonyi, Gellert"]
[WhiteFideId "12401153"]
[BlackFideId "764620"]
[WhiteElo "2450"]
[BlackElo "2187"]
[Result "1-0"]
[Round "06"]
[TimeControl "180+1"]
[Date "2022.04.26"]
[WhiteClock "0:01:57"]
[BlackClock "0:00:55"]

1. d4 Nf6 2. Nf3 d5 3. Bf4 e6 4. e3 Be7 5. c4 O-O 6. Nc3 Nbd7 7. Rc1 c5 8. dxc5 Nxc5 9. cxd5 Nxd5 10. Nxd5 Qxd5 11. Qxd5 exd5 12. Be2 Bg4 13. O-O Rac8 14. Rfd1 Rfd8 15. h3 Bh5 16. Be5 Rc6 17. g4 Bg6 18. Nd4 Rcc8 19. Nb5 a6 20. Nc3 f6 21. Nxd5 Rxd5 22. Rxd5 Bf7 23. Rd7 Re8 24. Rxe7 Rxe7 25. Bd6 Nd3 26. Bxd3 1-0


[Site "https://www.chess.com"]

[Event "Titled Tuesday Blitz April 26 Early 2022"]
[White "Mangialardo, Tiago Carvalho"]
[Black "Polster, Christian"]
[WhiteFideId "2130718"]
[BlackFideId "12965081"]
[WhiteElo "2050"]
[BlackElo "2305"]
[Result "1-0"]
[Round "06"]
[TimeControl "180+1"]
[Date "2022.04.26"]
[WhiteClock "0:00:09"]
[BlackClock "0:00:07"]

1. e4 c5 2. Nf3 d6 3. Bb5+ Bd7 4. Bxd7+ Qxd7 5. O-O Nc6 6. c3 Nf6 7. Qe2 g6 8. d4 d5 9. exd5 Qxd5 10. c4 Nxd4 11. Nxd4 Qxd4 12. Nc3 Qd7 13. Bg5 Bg7 14. Rad1 Qc7 15. Nb5 Qb6 16. Rd6 Qa5 17. Bxf6 Bxf6 18. Rxf6 O-O 19. Qxe7 Qxa2 20. Nd6 Qxb2 21. Rxf7 Rxf7 22. Qxf7+ Kh8 23. Re1 a5 24. h4 a4 25. h5 gxh5 26. Re7 Qb1+ 27. Kh2 Qg6 28. Qf4 a3 29. Qe5+ Kg8 30. Nf5 Kf8 31. Qh8+ Qg8 32. Qf6+ Qf7 33. Qxf7# 1-0


[Site "https://www.chess.com"]

[Event "Titled Tuesday Blitz April 26 Early 2022"]
[White "Manukian, Artak"]
[Black "Korchmar, Vasiliy"]
[WhiteFideId "13301373"]
[BlackFideId "24131750"]
[WhiteElo "2348"]
[BlackElo "2370"]
[Result "0-1"]
[Round "06"]
[TimeControl "180+1"]
[Date "2022.04.26"]
[WhiteClock "0:00:04"]
[BlackClock "0:02:16"]

1. e4 c5 2. Nf3 d6 3. Bb5+ Nd7 4. O-O a6 5. Bd3 Ngf6 6. Re1 e6 7. a4 b6 8. c3 Bb7 9. Bc2 c4 10. Na3 Rc8 11. Qe2 Qc7 12. Nd4 Be7 13. f3 O-O 14. d3 cxd3 15. Bxd3 Nc5 16. Bc2 Rfe8 17. Qf2 Bf8 18. Bg5 Nh5 19. g4 Nf6 20. Bxf6 gxf6 21. Qh4 Bg7 22. e5 dxe5 23. Qxh7+ Kf8 24. Nb3 Nxb3 25. Bxb3 Bxf3 26. Bd1 Qc5+ 27. Kf1 e4 28. h4 Red8 29. h5 Rd2 30. Be2 Qe3 31. h6 Bxe2+ 0-1


[Site "https://www.chess.com"]

[Event "Titled Tuesday Blitz April 26 Early 2022"]
[White "Martic, Ivan"]
[Black "Vagman, Roy"]
[WhiteFideId "929301"]
[BlackFideId "2828995"]
[WhiteElo "2317"]
[BlackElo "1927"]
[Result "0-1"]
[Round "06"]
[TimeControl "180+1"]
[Date "2022.04.26"]
[WhiteClock "0:00:08"]
[BlackClock "0:00:09"]

1. e4 c5 2. Nf3 d6 3. d4 cxd4 4. Nxd4 Nf6 5. Nc3 g6 6. Be2 Bg7 7. O-O O-O 8. Nb3 Nc6 9. Bg5 Be6 10. f4 a5 11. a4 Qb6+ 12. Kh1 Nb4 13. f5 Bd7 14. Qd2 Bc6 15. Bf3 Rac8 16. Rae1 Rfe8 17. Be3 Qc7 18. Nd4 Nd7 19. fxg6 hxg6 20. Bg4 e6 21. Bh6 Ne5 22. Bh3 Qb6 23. Bxg7 Kxg7 24. Qf2 Qd8 25. Re3 Qe7 26. Rg3 Rh8 27. b3 Bd7 28. Qd2 Bc6 29. Qe3 Rh5 30. Nce2 Rch8 31. Nf4 Rh4 32. Nfxe6+ fxe6 33. Nxe6+ Kh7 34. Ng5+ Kg7 35. Ne6+ Kh7 36. Qf2 Bxe4 37. Ng5+ Kg7 38. Nxe4 Rxe4 39. Bf5 Rf8 40. Qd2 Qf6 41. c3 Nbc6 42. b4 axb4 43. cxb4 Rh4 44. b5 Nd4 45. Rg5 Nxf5 46. Rfxf5 Qe7 47. Rxf8 Qxf8 48. Kg1 Rf4 49. h3 Rf1+ 50. Kh2 Rf2 51. Qe3 Nf3+ 52. Kg3 Nxg5 53. Qxg5 Rf6 54. a5 Qf7 55. a6 Rf5 56. Qe3 bxa6 57. bxa6 Qf6 58. a7 Ra5 59. Kh2 Qe5+ 60. Qxe5+ dxe5 61. a8=Q Rxa8 62. Kg3 Ra4 63. h4 Kf6 64. h5 Kf5 65. h6 Ra7 66. Kh4 Rh7 67. g4+ Kf4 68. g5 Kf5 69. Kg3 Kxg5 0-1


[Site "https://www.chess.com"]